Map: Old Republic LE

Players

DelinJa - Winner!

  • Race: Zerg Zerg
  • League: Diamond
  • Spawn Location: 7:00

HoldTheDoor

  • Race: Protoss Protoss
  • League: Diamond
  • Spawn Location: 1:00

VOD

Have the link to the VOD?

Description

Time

  • Played on: May 3, 2026, 11:09 a.m.
  • Length: 5:28
Show
View Real Time Build Order
Export as new Build Order

DelinJa Zerg - Winner!

Build Orders: Pool First, Zergling Baneling 

Get SALT Encoding   

  12  0:05  Drone  
  13  0:12  Overlord  
  13  0:17  Drone  
  14  0:31  Drone x2  
  14  0:35  Extractor  
  15  0:37  Drone  
  16  0:51  Spawning Pool  
  16  0:52  Drone  
  16  1:03  Drone  
  17  1:08  Evolution Chamber  
  17  1:10  Drone  
  17  1:27  Hatchery  
  16  1:37  Drone  
  16  1:39  Zerg Melee Weapons Level 1  
  17  1:42  Drone  
  17  1:47  Drone  
  19  1:52  Drone  
  20  2:03  Queen  
  22  2:09  Overlord  
  22  2:36  Drone x2  
  24  2:37  Drone  
  24  2:40  Queen  
  24  2:42  Metabolic Boost  
  27  2:48  Baneling Nest  
  27  2:49  Zergling x4  
  28  2:53  Zergling x2  
  29  3:00  Zergling x2  
  29  3:01  Zergling x2  
  31  3:09  Zergling x2  
  31  3:12  Zergling x2  
  33  3:15  Overlord  
  33  3:16  Zergling x2  
  33  3:17  Zergling x2  
  35  3:22  Zergling x2  
  35  3:24  Overlord  
  36  3:35  Baneling x4  
  36  3:37  Baneling  
  36  3:38  Baneling  
  36  3:40  Zergling x4  
  38  3:52  Zergling x2  
  38  3:53  Zergling x10  
  44  3:55  Drone  
  44  4:02  Zergling x6  
  41  4:31  Zergling x2  
  41  4:32  Zergling x14  
  41  4:34  Baneling  
  41  4:35  Baneling x6  
  49  4:46  Zergling x4  
Show
View Real Time Build Order
Export as new Build Order

HoldTheDoor Protoss 

Build Orders:  

Get SALT Encoding   

  12  0:00  Probe  
  13  0:12  Probe  
  14  0:19  Pylon  
  14  0:24  Probe  
  15  0:34  Probe  
  15  0:42  Probe  
  16  0:43  Gateway  
  17  0:50  Assimilator  
  17  1:04  Forge  
  17  1:06  Probe  
  18  1:18  Probe  
  19  1:30  Probe  
  20  1:36  Cybernetics Core  
  20  1:39  Photon Cannon  
  20  1:43  Probe  
  21  1:55  Probe  
  22  2:05  Nexus  
  22  2:06  Warp Gate  
  22  2:12  Pylon  
  22  2:13  Probe  
  23  2:27  Stalker  
  23  2:30  Probe  
  26  2:37  Robotics Facility  
  26  2:46  Probe  
  27  2:58  Probe, Stalker  
  28  2:59  Shield Battery  
  28  3:00  Pylon  
  30  3:10  Probe  
  31  3:14  Gateway  
  31  3:18  Probe  
  32  3:22  Probe, Warp Prism  
  35  3:45  Gateway  
  35  3:49  Probe  
  35  3:50  Probe  
  37  3:55  Stalker  
  39  4:03  Gateway  
  39  4:09  Stalker  
  41  4:19  Pylon  
  41  4:43  Gateway  
  41  4:45  Gateway  
  41  4:46  Gateway  
  41  4:47  Gateway  
  41  4:49  Pylon  
  41  5:02  Pylon  
  41  5:05  Zealot x2  
  45  5:14  Zealot  
Tags
 
Matchup
PvZ
Opening
Pool First
Replay Pack
SC2Mai2026
Spawn Locations
Cross Positions
Add a new tag
Caveats
  • Supply blocks, unpowered buildings, or Contaminate may cause inaccurate times.
  • Supply counts are checked every 10 seconds.